Workbook
Name Slicer_Age_Bracket: #N/A
Name Slicer_Severity: #N/A
Name Slicer_Status__Tidy: #N/A

Sheet Dashboard
A1: SR Dashboard
M21: Oldest SRs
L22: SR Number | M22: SR Title | N22: Age
L23: 3-19352130904 | M23: Summer of Sam | N23: 490
L24: 3-21799645655 | M24: Videodrome | N24: 278
L25: 3-20824384680 | M25: Street Smart | N25: 190
L26: 3-19035798769 | M26: The King of Comedy | N26: 178
M29: Newest SRs
L30: SR Number | M30: SR Title | N30: Age
L31: 3-24552405181 | M31: Weird Science | N31: 7
L32: 3-20222836362 | M32: Fame | N32: 8
L33: 3-23406914138 | M33: St. Elmo's Fire | N33: 9
L34: 3-19181795144 | M34: Cocktail | N34: 12

Sheet SR List
A1: SR Number | B1: SR Title | C1: Owner | D1: Severity | E1: Status (Raw) | F1: Status (Tidy) | G1: Opened | H1: Age (Days) | I1: Freshness (Days) | J1: Age Bracket
A2: =IF('Raw Data'!B2 > 0,'Raw Data'!B2,"") -> 3-24552405181 | B2: =IF('Raw Data'!A2 > 0,IF(LEN('Raw Data'!A2) > 70,LEFT('Raw Data'!A2,70)& " …",'Raw Data'!A2),"") -> Weird Science | C2: =IF('Raw Data'!C2 > 0,'Raw Data'!C2,"") -> Kevin McCallister | D2: =IF('Raw Data'!D2>0,LEFT('Raw Data'!D2,1),"") -> 3 | E2: =IF('Raw Data'!E2>0,'Raw Data'!E2,"") -> Customer Working | F2: =IF(E2<>"",_xlfn.SWITCH(E2,"New","With Oracle","Work In Progress","With Oracle","Review Update","With Oracle","Review Defect","With Oracle","Review Task","With Oracle","Development Working","With Oracle","Operations Working","With Oracle","Proactive Monitoring","With Oracle","Cloud Deployment Scheduled", "Scheduled","Customer Working","With Us","Solution Offered","With Us","Awaiting Internal Response","With Oracle","Close Requested","Closing","Close Initiated","Closing","Closed","Closed","???"),"") -> With Us | G2: =IF('Raw Data'!G2>0,'Raw Data'!G2,"") -> 44224.39 | H2: =IF('Raw Data'!G2>0,IF('Raw Data'!G2 > TODAY(),0,ROUND(TODAY()-'Raw Data'!G2,0)),"") -> 7 | I2: =IF('Raw Data'!F2>0,IF('Raw Data'!F2 > TODAY(),0,ROUND(TODAY()-'Raw Data'!F2,0)),"") -> 5 | J2: =IF(H2<>"",IF(H2<=365,DATEDIF(G2,TODAY(),"M") &" - "&DATEDIF(G2,TODAY(),"M")+1 &" Months","1+ Year"),"") -> 0 - 1 Months
A3: =IF('Raw Data'!B3 > 0,'Raw Data'!B3,"") -> 3-20222836362 | B3: =IF('Raw Data'!A3 > 0,IF(LEN('Raw Data'!A3) > 70,LEFT('Raw Data'!A3,70)& " …",'Raw Data'!A3),"") -> Fame | C3: =IF('Raw Data'!C3 > 0,'Raw Data'!C3,"") -> Sidney Prescott | D3: =IF('Raw Data'!D3>0,LEFT('Raw Data'!D3,1),"") -> 2 | E3: =IF('Raw Data'!E3>0,'Raw Data'!E3,"") -> Awaiting Internal Response | F3: =IF(E3<>"",_xlfn.SWITCH(E3,"New","With Oracle","Work In Progress","With Oracle","Review Update","With Oracle","Review Defect","With Oracle","Review Task","With Oracle","Development Working","With Oracle","Operations Working","With Oracle","Proactive Monitoring","With Oracle","Cloud Deployment Scheduled", "Scheduled","Customer Working","With Us","Solution Offered","With Us","Awaiting Internal Response","With Oracle","Close Requested","Closing","Close Initiated","Closing","Closed","Closed","???"),"") -> With Oracle | G3: =IF('Raw Data'!G3>0,'Raw Data'!G3,"") -> 44222.706 | H3: =IF('Raw Data'!G3>0,IF('Raw Data'!G3 > TODAY(),0,ROUND(TODAY()-'Raw Data'!G3,0)),"") -> 8 | I3: =IF('Raw Data'!F3>0,IF('Raw Data'!F3 > TODAY(),0,ROUND(TODAY()-'Raw Data'!F3,0)),"") -> 5 | J3: =IF(H3<>"",IF(H3<=365,DATEDIF(G3,TODAY(),"M") &" - "&DATEDIF(G3,TODAY(),"M")+1 &" Months","1+ Year"),"") -> 0 - 1 Months
A4: =IF('Raw Data'!B4 > 0,'Raw Data'!B4,"") -> 3-23406914138 | B4: =IF('Raw Data'!A4 > 0,IF(LEN('Raw Data'!A4) > 70,LEFT('Raw Data'!A4,70)& " …",'Raw Data'!A4),"") -> St. Elmo's Fire | C4: =IF('Raw Data'!C4 > 0,'Raw Data'!C4,"") -> Sidney Prescott | D4: =IF('Raw Data'!D4>0,LEFT('Raw Data'!D4,1),"") -> 1 | E4: =IF('Raw Data'!E4>0,'Raw Data'!E4,"") -> Solution Offered | F4: =IF(E4<>"",_xlfn.SWITCH(E4,"New","With Oracle","Work In Progress","With Oracle","Review Update","With Oracle","Review Defect","With Oracle","Review Task","With Oracle","Development Working","With Oracle","Operations Working","With Oracle","Proactive Monitoring","With Oracle","Cloud Deployment Scheduled", "Scheduled","Customer Working","With Us","Solution Offered","With Us","Awaiting Internal Response","With Oracle","Close Requested","Closing","Close Initiated","Closing","Closed","Closed","???"),"") -> With Us | G4: =IF('Raw Data'!G4>0,'Raw Data'!G4,"") -> 44221.66 | H4: =IF('Raw Data'!G4>0,IF('Raw Data'!G4 > TODAY(),0,ROUND(TODAY()-'Raw Data'!G4,0)),"") -> 9 | I4: =IF('Raw Data'!F4>0,IF('Raw Data'!F4 > TODAY(),0,ROUND(TODAY()-'Raw Data'!F4,0)),"") -> 5 | J4: =IF(H4<>"",IF(H4<=365,DATEDIF(G4,TODAY(),"M") &" - "&DATEDIF(G4,TODAY(),"M")+1 &" Months","1+ Year"),"") -> 0 - 1 Months
A5: =IF('Raw Data'!B5 > 0,'Raw Data'!B5,"") -> 3-19181795144 | B5: =IF('Raw Data'!A5 > 0,IF(LEN('Raw Data'!A5) > 70,LEFT('Raw Data'!A5,70)& " …",'Raw Data'!A5),"") -> Cocktail | C5: =IF('Raw Data'!C5 > 0,'Raw Data'!C5,"") -> Sidney Prescott | D5: =IF('Raw Data'!D5>0,LEFT('Raw Data'!D5,1),"") -> 3 | E5: =IF('Raw Data'!E5>0,'Raw Data'!E5,"") -> Review Update | F5: =IF(E5<>"",_xlfn.SWITCH(E5,"New","With Oracle","Work In Progress","With Oracle","Review Update","With Oracle","Review Defect","With Oracle","Review Task","With Oracle","Development Working","With Oracle","Operations Working","With Oracle","Proactive Monitoring","With Oracle","Cloud Deployment Scheduled", "Scheduled","Customer Working","With Us","Solution Offered","With Us","Awaiting Internal Response","With Oracle","Close Requested","Closing","Close Initiated","Closing","Closed","Closed","???"),"") -> With Oracle | G5: =IF('Raw Data'!G5>0,'Raw Data'!G5,"") -> 44218.503 | H5: =IF('Raw Data'!G5>0,IF('Raw Data'!G5 > TODAY(),0,ROUND(TODAY()-'Raw Data'!G5,0)),"") -> 12 | I5: =IF('Raw Data'!F5>0,IF('Raw Data'!F5 > TODAY(),0,ROUND(TODAY()-'Raw Data'!F5,0)),"") -> 6 | J5: =IF(H5<>"",IF(H5<=365,DATEDIF(G5,TODAY(),"M") &" - "&DATEDIF(G5,TODAY(),"M")+1 &" Months","1+ Year"),"") -> 0 - 1 Months
A6: =IF('Raw Data'!B6 > 0,'Raw Data'!B6,"") -> 3-25052001109 | B6: =IF('Raw Data'!A6 > 0,IF(LEN('Raw Data'!A6) > 70,LEFT('Raw Data'!A6,70)& " …",'Raw Data'!A6),"") -> Amadeus | C6: =IF('Raw Data'!C6 > 0,'Raw Data'!C6,"") -> Euphegenia Doubtfire | D6: =IF('Raw Data'!D6>0,LEFT('Raw Data'!D6,1),"") -> 4 | E6: =IF('Raw Data'!E6>0,'Raw Data'!E6,"") -> Review Update | F6: =IF(E6<>"",_xlfn.SWITCH(E6,"New","With Oracle","Work In Progress","With Oracle","Review Update","With Oracle","Review Defect","With Oracle","Review Task","With Oracle","Development Working","With Oracle","Operations Working","With Oracle","Proactive Monitoring","With Oracle","Cloud Deployment Scheduled", "Scheduled","Customer Working","With Us","Solution Offered","With Us","Awaiting Internal Response","With Oracle","Close Requested","Closing","Close Initiated","Closing","Closed","Closed","???"),"") -> With Oracle | G6: =IF('Raw Data'!G6>0,'Raw Data'!G6,"") -> 44217.369 | H6: =IF('Raw Data'!G6>0,IF('Raw Data'!G6 > TODAY(),0,ROUND(TODAY()-'Raw Data'!G6,0)),"") -> 14 | I6: =IF('Raw Data'!F6>0,IF('Raw Data'!F6 > TODAY(),0,ROUND(TODAY()-'Raw Data'!F6,0)),"") -> 5 | J6: =IF(H6<>"",IF(H6<=365,DATEDIF(G6,TODAY(),"M") &" - "&DATEDIF(G6,TODAY(),"M")+1 &" Months","1+ Year"),"") -> 0 - 1 Months
A7: =IF('Raw Data'!B7 > 0,'Raw Data'!B7,"") -> 3-21716018123 | B7: =IF('Raw Data'!A7 > 0,IF(LEN('Raw Data'!A7) > 70,LEFT('Raw Data'!A7,70)& " …",'Raw Data'!A7),"") -> Stand and Deliver | C7: =IF('Raw Data'!C7 > 0,'Raw Data'!C7,"") -> Helen Quilley | D7: =IF('Raw Data'!D7>0,LEFT('Raw Data'!D7,1),"") -> 3 | E7: =IF('Raw Data'!E7>0,'Raw Data'!E7,"") -> Customer Working | F7: =IF(E7<>"",_xlfn.SWITCH(E7,"New","With Oracle","Work In Progress","With Oracle","Review Update","With Oracle","Review Defect","With Oracle","Review Task","With Oracle","Development Working","With Oracle","Operations Working","With Oracle","Proactive Monitoring","With Oracle","Cloud Deployment Scheduled", "Scheduled","Customer Working","With Us","Solution Offered","With Us","Awaiting Internal Response","With Oracle","Close Requested","Closing","Close Initiated","Closing","Closed","Closed","???"),"") -> With Us | G7: =IF('Raw Data'!G7>0,'Raw Data'!G7,"") -> 44214.644 | H7: =IF('Raw Data'!G7>0,IF('Raw Data'!G7 > TODAY(),0,ROUND(TODAY()-'Raw Data'!G7,0)),"") -> 16 | I7: =IF('Raw Data'!F7>0,IF('Raw Data'!F7 > TODAY(),0,ROUND(TODAY()-'Raw Data'!F7,0)),"") -> 8 | J7: =IF(H7<>"",IF(H7<=365,DATEDIF(G7,TODAY(),"M") &" - "&DATEDIF(G7,TODAY(),"M")+1 &" Months","1+ Year"),"") -> 0 - 1 Months
A8: =IF('Raw Data'!B8 > 0,'Raw Data'!B8,"") -> 3-18592831376 | B8: =IF('Raw Data'!A8 > 0,IF(LEN('Raw Data'!A8) > 70,LEFT('Raw Data'!A8,70)& " …",'Raw Data'!A8),"") -> *batteries not included | C8: =IF('Raw Data'!C8 > 0,'Raw Data'!C8,"") -> Euphegenia Doubtfire | D8: =IF('Raw Data'!D8>0,LEFT('Raw Data'!D8,1),"") -> 2 | E8: =IF('Raw Data'!E8>0,'Raw Data'!E8,"") -> Awaiting Internal Response | F8: =IF(E8<>"",_xlfn.SWITCH(E8,"New","With Oracle","Work In Progress","With Oracle","Review Update","With Oracle","Review Defect","With Oracle","Review Task","With Oracle","Development Working","With Oracle","Operations Working","With Oracle","Proactive Monitoring","With Oracle","Cloud Deployment Scheduled", "Scheduled","Customer Working","With Us","Solution Offered","With Us","Awaiting Internal Response","With Oracle","Close Requested","Closing","Close Initiated","Closing","Closed","Closed","???"),"") -> With Oracle | G8: =IF('Raw Data'!G8>0,'Raw Data'!G8,"") -> 44210.71 | H8: =IF('Raw Data'!G8>0,IF('Raw Data'!G8 > TODAY(),0,ROUND(TODAY()-'Raw Data'!G8,0)),"") -> 20 | I8: =IF('Raw Data'!F8>0,IF('Raw Data'!F8 > TODAY(),0,ROUND(TODAY()-'Raw Data'!F8,0)),"") -> 5 | J8: =IF(H8<>"",IF(H8<=365,DATEDIF(G8,TODAY(),"M") &" - "&DATEDIF(G8,TODAY(),"M")+1 &" Months","1+ Year"),"") -> 0 - 1 Months
A9: =IF('Raw Data'!B9 > 0,'Raw Data'!B9,"") -> 3-21416193878 | B9: =IF('Raw Data'!A9 > 0,IF(LEN('Raw Data'!A9) > 70,LEFT('Raw Data'!A9,70)& " …",'Raw Data'!A9),"") -> Risky Business | C9: =IF('Raw Data'!C9 > 0,'Raw Data'!C9,"") -> Sidney Prescott | D9: =IF('Raw Data'!D9>0,LEFT('Raw Data'!D9,1),"") -> 1 | E9: =IF('Raw Data'!E9>0,'Raw Data'!E9,"") -> Review Update | F9: =IF(E9<>"",_xlfn.SWITCH(E9,"New","With Oracle","Work In Progress","With Oracle","Review Update","With Oracle","Review Defect","With Oracle","Review Task","With Oracle","Development Working","With Oracle","Operations Working","With Oracle","Proactive Monitoring","With Oracle","Cloud Deployment Scheduled", "Scheduled","Customer Working","With Us","Solution Offered","With Us","Awaiting Internal Response","With Oracle","Close Requested","Closing","Close Initiated","Closing","Closed","Closed","???"),"") -> With Oracle | G9: =IF('Raw Data'!G9>0,'Raw Data'!G9,"") -> 44207.449 | H9: =IF('Raw Data'!G9>0,IF('Raw Data'!G9 > TODAY(),0,ROUND(TODAY()-'Raw Data'!G9,0)),"") -> 24 | I9: =IF('Raw Data'!F9>0,IF('Raw Data'!F9 > TODAY(),0,ROUND(TODAY()-'Raw Data'!F9,0)),"") -> 4 | J9: =IF(H9<>"",IF(H9<=365,DATEDIF(G9,TODAY(),"M") &" - "&DATEDIF(G9,TODAY(),"M")+1 &" Months","1+ Year"),"") -> 0 - 1 Months
A10: =IF('Raw Data'!B10 > 0,'Raw Data'!B10,"") -> 3-24393432675 | B10: =IF('Raw Data'!A10 > 0,IF(LEN('Raw Data'!A10) > 70,LEFT('Raw Data'!A10,70)& " …",'Raw Data'!A10),"") -> Beverly Hills Cop | C10: =IF('Raw Data'!C10 > 0,'Raw Data'!C10,"") -> Mary Jensen | D10: =IF('Raw Data'!D10>0,LEFT('Raw Data'!D10,1),"") -> 1 | E10: =IF('Raw Data'!E10>0,'Raw Data'!E10,"") -> Cloud Deployment Scheduled | F10: =IF(E10<>"",_xlfn.SWITCH(E10,"New","With Oracle","Work In Progress","With Oracle","Review Update","With Oracle","Review Defect","With Oracle","Review Task","With Oracle","Development Working","With Oracle","Operations Working","With Oracle","Proactive Monitoring","With Oracle","Cloud Deployment Scheduled", "Scheduled","Customer Working","With Us","Solution Offered","With Us","Awaiting Internal Response","With Oracle","Close Requested","Closing","Close Initiated","Closing","Closed","Closed","???"),"") -> Scheduled | G10: =IF('Raw Data'!G10>0,'Raw Data'!G10,"") -> 44204.376 | H10: =IF('Raw Data'!G10>0,IF('Raw Data'!G10 > TODAY(),0,ROUND(TODAY()-'Raw Data'!G10,0)),"") -> 27 | I10: =IF('Raw Data'!F10>0,IF('Raw Data'!F10 > TODAY(),0,ROUND(TODAY()-'Raw Data'!F10,0)),"") -> 5 | J10: =IF(H10<>"",IF(H10<=365,DATEDIF(G10,TODAY(),"M") &" - "&DATEDIF(G10,TODAY(),"M")+1 &" Months","1+ Year"),"") -> 0 - 1 Months
A11: =IF('Raw Data'!B11 > 0,'Raw Data'!B11,"") -> 3-17379110975 | B11: =IF('Raw Data'!A11 > 0,IF(LEN('Raw Data'!A11) > 70,LEFT('Raw Data'!A11,70)& " …",'Raw Data'!A11),"") -> Red Heat | C11: =IF('Raw Data'!C11 > 0,'Raw Data'!C11,"") -> Sidney Prescott | D11: =IF('Raw Data'!D11>0,LEFT('Raw Data'!D11,1),"") -> 1 | E11: =IF('Raw Data'!E11>0,'Raw Data'!E11,"") -> Customer Working | F11: =IF(E11<>"",_xlfn.SWITCH(E11,"New","With Oracle","Work In Progress","With Oracle","Review Update","With Oracle","Review Defect","With Oracle","Review Task","With Oracle","Development Working","With Oracle","Operations Working","With Oracle","Proactive Monitoring","With Oracle","Cloud Deployment Scheduled", "Scheduled","Customer Working","With Us","Solution Offered","With Us","Awaiting Internal Response","With Oracle","Close Requested","Closing","Close Initiated","Closing","Closed","Closed","???"),"") -> With Us | G11: =IF('Raw Data'!G11>0,'Raw Data'!G11,"") -> 44188.609 | H11: =IF('Raw Data'!G11>0,IF('Raw Data'!G11 > TODAY(),0,ROUND(TODAY()-'Raw Data'!G11,0)),"") -> 42 | I11: =IF('Raw Data'!F11>0,IF('Raw Data'!F11 > TODAY(),0,ROUND(TODAY()-'Raw Data'!F11,0)),"") -> 5 | J11: =IF(H11<>"",IF(H11<=365,DATEDIF(G11,TODAY(),"M") &" - "&DATEDIF(G11,TODAY(),"M")+1 &" Months","1+ Year"),"") -> 1 - 2 Months
A12: =IF('Raw Data'!B12 > 0,'Raw Data'!B12,"") -> 3-21279881172 | B12: =IF('Raw Data'!A12 > 0,IF(LEN('Raw Data'!A12) > 70,LEFT('Raw Data'!A12,70)& " …",'Raw Data'!A12),"") -> Rocky IV | C12: =IF('Raw Data'!C12 > 0,'Raw Data'!C12,"") -> Alan Grant | D12: =IF('Raw Data'!D12>0,LEFT('Raw Data'!D12,1),"") -> 2 | E12: =IF('Raw Data'!E12>0,'Raw Data'!E12,"") -> Development Working | F12: =IF(E12<>"",_xlfn.SWITCH(E12,"New","With Oracle","Work In Progress","With Oracle","Review Update","With Oracle","Review Defect","With Oracle","Review Task","With Oracle","Development Working","With Oracle","Operations Working","With Oracle","Proactive Monitoring","With Oracle","Cloud Deployment Scheduled", "Scheduled","Customer Working","With Us","Solution Offered","With Us","Awaiting Internal Response","With Oracle","Close Requested","Closing","Close Initiated","Closing","Closed","Closed","???"),"") -> With Oracle | G12: =IF('Raw Data'!G12>0,'Raw Data'!G12,"") -> 44181.63 | H12: =IF('Raw Data'!G12>0,IF('Raw Data'!G12 > TODAY(),0,ROUND(TODAY()-'Raw Data'!G12,0)),"") -> 49 | I12: =IF('Raw Data'!F12>0,IF('Raw Data'!F12 > TODAY(),0,ROUND(TODAY()-'Raw Data'!F12,0)),"") -> 6 | J12: =IF(H12<>"",IF(H12<=365,DATEDIF(G12,TODAY(),"M") &" - "&DATEDIF(G12,TODAY(),"M")+1 &" Months","1+ Year"),"") -> 1 - 2 Months
A13: =IF('Raw Data'!B13 > 0,'Raw Data'!B13,"") -> 3-24128070120 | B13: =IF('Raw Data'!A13 > 0,IF(LEN('Raw Data'!A13) > 70,LEFT('Raw Data'!A13,70)& " …",'Raw Data'!A13),"") -> Mad Max 2 | C13: =IF('Raw Data'!C13 > 0,'Raw Data'!C13,"") -> Sidney Prescott | D13: =IF('Raw Data'!D13>0,LEFT('Raw Data'!D13,1),"") -> 2 | E13: =IF('Raw Data'!E13>0,'Raw Data'!E13,"") -> Customer Working | F13: =IF(E13<>"",_xlfn.SWITCH(E13,"New","With Oracle","Work In Progress","With Oracle","Review Update","With Oracle","Review Defect","With Oracle","Review Task","With Oracle","Development Working","With Oracle","Operations Working","With Oracle","Proactive Monitoring","With Oracle","Cloud Deployment Scheduled", "Scheduled","Customer Working","With Us","Solution Offered","With Us","Awaiting Internal Response","With Oracle","Close Requested","Closing","Close Initiated","Closing","Closed","Closed","???"),"") -> With Us | G13: =IF('Raw Data'!G13>0,'Raw Data'!G13,"") -> 44181.593 | H13: =IF('Raw Data'!G13>0,IF('Raw Data'!G13 > TODAY(),0,ROUND(TODAY()-'Raw Data'!G13,0)),"") -> 49 | I13: =IF('Raw Data'!F13>0,IF('Raw Data'!F13 > TODAY(),0,ROUND(TODAY()-'Raw Data'!F13,0)),"") -> 5 | J13: =IF(H13<>"",IF(H13<=365,DATEDIF(G13,TODAY(),"M") &" - "&DATEDIF(G13,TODAY(),"M")+1 &" Months","1+ Year"),"") -> 1 - 2 Months
... A3001: =IF('Raw Data'!B3001 > 0,'Raw Data'!B3001,"") | B3001: =IF('Raw Data'!A3001 > 0,IF(LEN('Raw Data'!A3001) > 70,LEFT('Raw Data'!A3001,70)& " …",'Raw Data'!A3001),"") | C3001: =IF('Raw Data'!C3001 > 0,'Raw Data'!C3001,"") | D3001: =IF('Raw Data'!D3001>0,LEFT('Raw Data'!D3001,1),"") | E3001: =IF('Raw Data'!E3001>0,'Raw Data'!E3001,"") | F3001: =IF(E3001<>"",_xlfn.SWITCH(E3001,"New","With Oracle","Work In Progress","With Oracle","Review Update","With Oracle","Review Defect","With Oracle","Review Task","With Oracle","Development Working","With Oracle","Operations Working","With Oracle","Proactive Monitoring","With Oracle","Cloud Deployment Scheduled", "Scheduled","Customer Working","With Us","Solution Offered","With Us","Awaiting Internal Response","With Oracle","Close Requested","Closing","Close Initiated","Closing","Closed","Closed","???"),"") | G3001: =IF('Raw Data'!G3001>0,'Raw Data'!G3001,"") | H3001: =IF('Raw Data'!G3001>0,IF('Raw Data'!G3001 > TODAY(),0,ROUND(TODAY()-'Raw Data'!G3001,0)),"") | I3001: =IF('Raw Data'!F3001>0,IF('Raw Data'!F3001 > TODAY(),0,ROUND(TODAY()-'Raw Data'!F3001,0)),"") | J3001: =IF(H3001<>"",IF(H3001<=365,DATEDIF(G3001,TODAY(),"M") &" - "&DATEDIF(G3001,TODAY(),"M")+1 &" Months","1+ Year"),"")

Sheet Raw Data
A1: Problem Summary | B1: Technical SR # | C1: Contact | D1: Severity | E1: Status | F1: Last Updated | G1: Opened | H1: Product/Service Type
A2: Weird Science | B2: 3-24552405181 | C2: Kevin McCallister | D2: 3-Standard | E2: Customer Working | F2: 44226.099 | G2: 44224.39 | H2: Oracle Fusion Global Human Resources Cloud Service
A3: Fame | B3: 3-20222836362 | C3: Sidney Prescott | D3: 2-Significant | E3: Awaiting Internal Response | F3: 44226.13 | G3: 44222.706 | H3: Oracle Fusion Global Human Resources Cloud Service
A4: St. Elmo's Fire | B4: 3-23406914138 | C4: Sidney Prescott | D4: 1-Critical | E4: Solution Offered | F4: 44226.44 | G4: 44221.66 | H4: Oracle Fusion Advanced Collections Cloud Service
A5: Cocktail | B5: 3-19181795144 | C5: Sidney Prescott | D5: 3-Standard | E5: Review Update | F5: 44224.634 | G5: 44218.503 | H5: Oracle Fusion Global Payroll Cloud Service
A6: Amadeus | B6: 3-25052001109 | C6: Euphegenia Doubtfire | D6: 4-Minimal | E6: Review Update | F6: 44225.655 | G6: 44217.369 | H6: Oracle Taleo Recruiting Cloud Service
A7: Stand and Deliver | B7: 3-21716018123 | C7: Helen Quilley | D7: 3-Standard | E7: Customer Working | F7: 44222.815 | G7: 44214.644 | H7: Oracle Fusion Advanced Collections Cloud Service
A8: *batteries not included | B8: 3-18592831376 | C8: Euphegenia Doubtfire | D8: 2-Significant | E8: Awaiting Internal Response | F8: 44225.657 | G8: 44210.71 | H8: Oracle Fusion Advanced Collections Cloud Service
A9: Risky Business | B9: 3-21416193878 | C9: Sidney Prescott | D9: 1-Critical | E9: Review Update | F9: 44226.533 | G9: 44207.449 | H9: Oracle Fusion Payables Cloud Service
A10: Beverly Hills Cop | B10: 3-24393432675 | C10: Mary Jensen | D10: 1-Critical | E10: Cloud Deployment Scheduled | F10: 44225.656 | G10: 44204.376 | H10: Oracle Taleo Recruiting Cloud Service
A11: Red Heat | B11: 3-17379110975 | C11: Sidney Prescott | D11: 1-Critical | E11: Customer Working | F11: 44225.912 | G11: 44188.609 | H11: Oracle Fusion Project Billing Cloud Service
A12: Rocky IV | B12: 3-21279881172 | C12: Alan Grant | D12: 2-Significant | E12: Development Working | F12: 44225.409 | G12: 44181.63 | H12: Oracle Fusion Global Human Resources Cloud Service
A13: Mad Max 2 | B13: 3-24128070120 | C13: Sidney Prescott | D13: 2-Significant | E13: Customer Working | F13: 44225.599 | G13: 44181.593 | H13: Oracle Fusion Global Payroll Cloud Service
... A26: Summer of Sam | B26: 3-19352130904 | C26: Sidney Prescott | D26: 2-Significant | E26: Review Update | F26: 44225.465 | G26: 43740.644 | H26: Oracle Fusion Receivables Cloud Service

Sheet Owner by Severity
A1: Status (Raw) | B1: (Multiple Items)
A3: Count of SR Number | B3: Column Labels
A4: Row Labels | B4: 1 | C4: 2 | D4: 3 | E4: 4 | F4: Grand Total
A5: Closing | C5: 1 | E5: 1 | F5: 2
A6: With Oracle | B6: 1 | C6: 9 | D6: 1 | E6: 1 | F6: 12
A7: With Us | B7: 1 | C7: 2 | D7: 2 | F7: 5
A8: Scheduled | B8: 1 | C8: 1 | E8: 3 | F8: 5
A9: Grand Total | B9: 3 | C9: 13 | D9: 3 | E9: 5 | F9: 24

Sheet SR Age
A1: Status (Tidy) | B1: (Multiple Items)
A3: Count of SR Number | B3: Column Labels
A4: Row Labels | B4: 1 | C4: 2 | D4: 3 | E4: 4 | F4: Grand Total
A5: 0 - 1 Months | B5: 3 | C5: 2 | D5: 3 | E5: 1 | F5: 9
A6: 1 - 2 Months | B6: 1 | C6: 2 | F6: 3
A7: 2 - 3 Months | C7: 2 | E7: 3 | F7: 5
A8: 3 - 4 Months | C8: 3 | E8: 1 | F8: 4
A9: 5 - 6 Months | C9: 1 | F9: 1
A10: 6 - 7 Months | C10: 1 | F10: 1
A11: 9 - 10 Months | C11: 1 | F11: 1
A12: 1+ Year | C12: 1 | F12: 1
A13: Grand Total | B13: 4 | C13: 13 | D13: 3 | E13: 5 | F13: 25

Sheet SRs by Owner
A1: Status (Tidy) | B1: (Multiple Items)
A3: Count of SR Number | B3: Column Labels
A4: Row Labels | B4: 1 | C4: 2 | D4: 3 | E4: 4 | F4: Grand Total
A5: Kevin McCallister | C5: 1 | D5: 1 | E5: 1 | F5: 3
A6: Sidney Prescott | B6: 3 | C6: 8 | D6: 1 | F6: 12
A7: Mary Jensen | B7: 1 | E7: 3 | F7: 4
A8: Helen Quilley | D8: 1 | F8: 1
A9: Euphegenia Doubtfire | C9: 1 | E9: 1 | F9: 2
A10: Kat Stratford | C10: 1 | F10: 1
A11: Alan Grant | C11: 1 | F11: 1
A12: Cher Horowitz | C12: 1 | F12: 1
A13: Grand Total | B13: 4 | C13: 13 | D13: 3 | E13: 5 | F13: 25
